 Dungeon Crawl Stone Soup version 0.21-a0-442-g848f44b (webtiles) character file.

5443 Wolly the Carver (level 10, -8/83 HPs)
             Began as a Demonspawn Chaos Knight on Nov 13, 2017.
             Mangled by a two-headed ogre
             ... wielding a +0 giant club
              (21 damage)
             ... on level 9 of the Dungeon.
             The game lasted 00:50:22 (9242 turns).

Wolly the Carver (Demonspawn Chaos Knight)          Turns: 9242, Time: 00:50:23

Health: -8/83      AC:  7    Str: 14    XL:     10   Next: 41%
Magic:  11/11      EV: 10    Int: 12    God:    Xom [...*..]
Gold:   569        SH:  0    Dex: 14    Spells: 9/9 levels left

rFire    + . .     SeeInvis .   a - +0 falchion (chaos)
rCold    . . .     Gourm    .   (no shield)
rNeg     + + .     Faith    .   w - +1 ring mail "Xeidaria" {rN++}
rPois    .         Spirit   .   (helmet restricted)
rElec    .         Reflect  .   (no cloak)
rCorr    .         Harm     +   p - +0 pair of gloves
MR       +....                  (boots unavailable)
Stlth    ..........             H - amulet of harm
HPRegen  0.23/turn              D - ring of wizardry
MPRegen  0.12/turn              (no ring)

@: no status effects
A: claws 1, fangs 1, hooves 3, horns 1, agile 1, dopey 1, fire resistance 1,
high mp 1, magic resistance 1, mutation resistance 1, spiny 1, weak 1
a: Renounce Religion


You were on level 9 of the Dungeon.
You worshipped Xom.
You were a favourite toy of Xom.
You were not hungry.

You visited 2 branches of the dungeon, and saw 10 of its levels.

You collected 569 gold pieces.

Inventory:

Hand Weapons
 a - a +0 falchion of chaos (weapon)
 e - a +1 whip of electrocution
Missiles
 i - 187 stones
 s - 14 tomahawks (quivered)
 M - a throwing net
Armour
 b - a +2 leather armour
 j - a +0 helmet
 p - a +0 pair of gloves (worn)
 w - the +1 ring mail "Xeidaria" (worn) {rN++}
   (You found it on level 5 of the Dungeon)

   It greatly protects you from negative energy.
 K - a +0 scale mail of fire resistance
Jewellery
 g - an uncursed amulet of regeneration
 D - a ring of wizardry (left hand)
 H - an amulet of harm (around neck)
Wands
 F - a wand of acid (0/15)
Scrolls
 d - a scroll of fear {unknown}
 l - 6 scrolls of teleportation
 o - a scroll of random uselessness {unknown}
 t - a scroll of magic mapping
 x - a scroll of enchant armour {unknown}
 y - 2 scrolls of noise {unknown}
 G - a scroll of blinking {unknown}
 I - a scroll of immolation {unknown}
 J - 2 scrolls of remove curse
 L - a scroll of enchant weapon {unknown}
 O - 6 scrolls of identify
Potions
 h - a potion of lignification {unknown}
 k - 2 potions of might
 m - a potion of agility
 q - a potion of cancellation
 r - a potion of resistance
 z - a potion of brilliance
 A - a potion of haste {unknown}
 B - 2 potions of flight {unknown}
 E - a potion of curing {unknown}
 P - a potion of berserk rage {unknown}
Books
 u - a book of Misfortune

   Spells                             Type                      Level
   a - Confusing Touch                Hexes                        1
   b - Confuse                        Hexes                        3
   c - Gell's Gravitas                Translocation                3
   d - Petrify                        Transmutation/Earth          4
   e - Metabolic Englaciation         Hexes/Ice                    5
   f - Yara's Violent Unravelling     Hexes/Transmutation          5
 C - a book of Geomancy

   Spells                             Type                      Level
   a - Sandblast                      Earth                        1
   b - Passwall                       Transmutation/Earth          2
   c - Stone Arrow                    Conjuration/Earth            3
   d - Petrify                        Transmutation/Earth          4
   e - Lee's Rapid Deconstruction     Earth                        5
 N - a book of Necromancy

   Spells                             Type                      Level
   a - Pain                           Necromancy                   1
   b - Animate Skeleton               Necromancy                   1
   c - Vampiric Draining              Necromancy                   3
   d - Regeneration                   Charms/Necromancy            3
   e - Animate Dead                   Necromancy                   4
   f - Control Undead                 Necromancy                   4
Comestibles
 c - 8 bread rations
 f - 14 meat rations
 n - 3 royal jellies
 v - 8 fruits


   Skills:
 + Level 9.5 Fighting
 * Level 11.8 Long Blades
 - Level 1.7 Armour
 - Level 0.8 Dodging


You had 9 spell levels left.
You didn't know any spells.

Dungeon Overview and Level Annotations

Branches:
Dungeon (9/15)             Temple (1/1) D:7
   Lair: D:8-11         Orc: D:9-12

Altars:
Ashenzari
Cheibriados
Dithmenos
Elyvilon
Fedhas
Gozag
Hepliaklqana
Kikubaaqudgha
Makhleb
Okawaru
Qazlal
Ru
Sif Muna
Trog
Uskayaw
Vehumet
Wu Jian
Xom
Yredelemnul
Zin
The Shining One

Shops:
D:8 [


Innate Abilities, Weirdness & Mutations

You have sharp fingernails.
You have hooves in place of feet.
You are partially covered in sharp spines.
You have very sharp teeth.
You have a pair of small horns on your head.
You are agile. (Dex +2)
You are dopey. (Int -2)
Your flesh is heat resistant. (rF+)
You have an increased reservoir of magic. (+10% MP)
You are resistant to hostile enchantments. (MR+)
You are somewhat resistant to further mutation.
You are weak. (Str -2)


Message History

You hit the two-headed ogre. You burn the two-headed ogre.
Your kick misses the two-headed ogre.
The two-headed ogre is lightly wounded.
The two-headed ogre is struck by your spines.
The two-headed ogre hits you but does no damage.
The two-headed ogre barely misses you.
You hit the two-headed ogre.
The two-headed ogre seems to slow down.
The two-headed ogre is moderately wounded.
The two-headed ogre is no longer moving slowly.
You hit the two-headed ogre. Your kick misses the two-headed ogre.
The two-headed ogre is moderately wounded.
The two-headed ogre hits you with a giant club!! x2
* * * LOW HITPOINT WARNING * * *
You slash the two-headed ogre! You freeze the two-headed ogre.
The two-headed ogre is heavily wounded.
You closely miss the two-headed ogre.
The two-headed ogre is heavily wounded.
The two-headed ogre hits you with a giant club!!
You die...
Xom thinks this is hilarious!

............#.....#
............'.....#
.....########.....#
.....#............#
.....#............######
.....#..................
.... #.....<.........###
######...<#O###.#
#....#@..# # +....#...#
#....#...# #....#####
#..... +......


You could see a two-headed ogre.

Vanquished Creatures
  2 two-headed ogres (D:8)
  The ghost of nikopol the Thaumaturge, a novice DEFE of Sif Muna (D:8)
  The ghost of Oozefury the Insei, a novice MfTm (D:5)
  A hippogriff (D:8)
  Sigmund (D:6)
  A water moccasin (D:7)
  2 orc warriors (D:8)
  2 phantoms
  2 sky beasts
  An ice beast (D:5)
  A tengu (D:7)
  An ogre (D:7)
  3 centaurs
  A big kobold (D:8)
  4 bullfrogs
  4 killer bees (D:8)
  3 howler monkeys (D:8)
  3 crimson imps
  A centaur zombie (D:5)
  2 jellies
  4 orc priests
  A centaur skeleton (D:3)
  5 hounds
  5 orc wizards
  2 bullfrog skeletons
  A gnoll shaman (D:5)
  3 iguanas
  A killer bee zombie (D:5)
  5 worker ants
  A hound zombie (D:8)
  3 gnolls (D:5)
  A worker ant zombie (D:5)
  8 adders
  2 howler monkey skeletons
  An ufetubus (D:6)
  An ooze (D:6)
  2 adder skeletons
  4 worms
  A dart slug (D:1)
  4 leopard geckos
  A leopard gecko (shapeshifter) (D:3)
  40 orcs
  A ball python (D:5)
  4 giant cockroaches
  A goblin (D:3)
  10 hobgoblins
  2 jackals (D:4)
  3 quokkas
  6 bats
  7 frilled lizards
  15 kobolds
  A quokka zombie (D:6)
  4 rats
187 creatures vanquished.

Vanquished Creatures (collateral kills)
  A gnoll (D:5)
1 creature vanquished.

Grand Total: 188 creatures vanquished

Notes
Turn   | Place    | Note
-------+----------+-------------------------------------------
     0 | D:1      | Wolly the Demonspawn Chaos Knight began the quest for the Orb.
     0 | D:1      | Reached XP level 1. HP: 18/18 MP: 1/1
    17 | D:1      | Noticed an electric eel
    17 | D:1      | Noticed an electric eel
    91 | D:1      | XOM: divination: magic mapping
   334 | D:1      | XOM: fog
   342 | D:1      | Reached skill level 3 in Long Blades
   450 | D:1      | Gained mutation: You have large cloven feet. [demonic ancestry]
   450 | D:1      | Reached XP level 2. HP: 21/24 MP: 2/2
   556 | D:1      | XOM: give mutations
   556 | D:1      | Gained mutation: You are weak. (Str -2) [Xom's mischief]
   556 | D:1      | Gained mutation: Your spells are a little easier to cast, but a little less powerful. [Xom's mischief]
   556 | D:1      | Lost mutation: Your spells are a little easier to cast, but a little less powerful. [Xom's mischief]
   665 | D:1      | Found a shattered altar of Ashenzari.
  1118 | D:2      | Reached XP level 3. HP: 23/29 MP: 3/3
  1280 | D:2      | XOM: blink monster(s)
  1452 | D:2      | Reached skill level 4 in Long Blades
  1481 | D:2      | Gained mutation: You have hoof-like feet. [demonic ancestry]
  1481 | D:2      | Reached XP level 4. HP: 37/37 MP: 4/4
  1549 | D:2      | XOM: give mutations
  1549 | D:2      | Gained mutation: Your flesh is heat resistant. (rF+) [Xom's mischief]
  1549 | D:2      | Gained mutation: You are dopey. (Int -2) [Xom's mischief]
  1911 | D:3      | Gained mutation: You evolve. [mutagenic meat]
  1912 | D:3      | Gained mutation: You are clumsy. (Dex -2) [mutagenic meat]
  1913 | D:3      | Gained mutation: You are very weak. (Str -4) [mutagenic meat]
  1914 | D:3      | Gained mutation: You have an increased reservoir of magic. (+10% MP) [mutagenic meat]
  2098 | D:3      | Gained mutation: You have hooves in place of feet. [demonic ancestry]
  2098 | D:3      | Reached XP level 5. HP: 33/42 MP: 5/5
  2218 | D:3      | XOM: swap monsters
  2280 | D:3      | XOM: butterfly on damage
  2468 | D:3      | Reached skill level 5 in Long Blades
  2616 | D:3      | XOM: swap monsters
  2620 | D:3      | XOM: enchant monster (bad)
  2708 | D:4      | Found a white marble altar of Elyvilon.
  2733 | D:4      | Gained mutation: You have sharp fingernails. [demonic ancestry]
  2733 | D:4      | Reached XP level 6. HP: 33/49 MP: 6/6
  2851 | D:4      | XOM: enchant monster (good)
  3116 | D:4      | Found a basalt altar of Yredelemnul.
  3122 | D:4      | Found a shimmering altar of Xom.
  3142 | D:4      | Found a glowing silver altar of Zin.
  3290 | D:4      | XOM: divination: detect creatures
  3529 | D:4      | XOM: give mutations
  3529 | D:4      | Lost mutation: You are clumsy. (Dex -2) [Xom's grace]
  3529 | D:4      | Gained mutation: You have a pair of small horns on your head. [Xom's grace]
  3529 | D:4      | Gained mutation: You have very sharp teeth. [Xom's grace]
  3529 | D:4      | Gained mutation: You are agile. (Dex +2) [Xom's grace]
  3739 | D:4      | XOM: cloud trail
  3808 | D:4      | XOM: 7-stop teleportation journey
  3849 | D:4      | XOM: polymorph quokka -> adder
  3992 | D:5      | Entered Level 5 of the Dungeon
  4046 | D:5      | Noticed a sky beast
  4058 | D:5      | Killed a sky beast
  4058 | D:5      | Reached skill level 5 in Fighting
  4058 | D:5      | Reached skill level 6 in Long Blades
  4058 | D:5      | Gained mutation: You are partially covered in sharp spines. [demonic ancestry]
  4058 | D:5      | Reached XP level 7. HP: 48/56 MP: 7/7
  4085 | D:5      | Noticed Oozefury's ghost (novice MfTm)
  4092 | D:5      | XOM: polymorph gnoll -> rat
  4100 | D:5      | XOM: divination: detect creatures
  4198 | D:5      | XOM: cleaving
  4203 | D:5      | XOM: cast spell 'Discord'
  4233 | D:5      | Killed Oozefury's ghost
  4233 | D:5      | Reached skill level 7 in Long Blades
  4233 | D:5      | XOM: smoke on damage
  4347 | D:5      | XOM: cast spell 'Olgreb's Toxic Radiance'
  4395 | D:5      | Found a sacrificial altar of Ru.
  4480 | D:5      | Got a shimmering ring mail
  4491 | D:5      | Identified the +1 ring mail "Xeidaria" {rN++} (You found it on level 5 of the Dungeon)
  4565 | D:5      | XOM: cloud trail
  4737 | D:5      | Reached XP level 8. HP: 63/64 MP: 8/8
  4874 | D:6      | XOM: polymorph shadow imp -> ufetubus
  4946 | D:6      | XOM: snakes to sticks
  4970 | D:6      | Found a hazy altar of Hepliaklqana.
  4991 | D:6      | XOM: fog
  5000 | D:6      | Reached skill level 8 in Long Blades
  5060 | D:6      | XOM: give mutations
  5060 | D:6      | Lost mutation: You are very weak. (Str -4) [Xom's grace]
  5060 | D:6      | Lost mutation: You evolve. [Xom's grace]
  5060 | D:6      | Gained mutation: You are somewhat resistant to further mutation. [Xom's grace]
  5080 | D:6      | Noticed Blork the orc
  5081 | D:6      | Noticed Sigmund
  5092 | D:6      | Noticed Blork
  5092 | D:6      | Blork the orc changed into Blork the ooze
  5092 | D:6      | XOM: polymorph Blork the orc -> Blork the ooze
  5097 | D:6      | Killed Blork the ooze
  5104 | D:6      | Killed Sigmund
  5261 | D:6      | XOM: god gift: short silver wand {god gift}
  5277 | D:6      | Found a stormy altar of Qazlal.
  5355 | D:6      | XOM: god gift: 3 large rocks
  5464 | D:6      | XOM: god gift: square platinum amulet {god gift}
  5795 | D:7      | Reached skill level 9 in Long Blades
  5919 | D:7      | Found a staircase to the Ecumenical Temple.
  5926 | Temple   | Entered the Ecumenical Temple
  6140 | D:7      | Found a blossoming altar of Fedhas.
  6148 | D:7      | XOM: polymorph orc warrior -> centaur
  6188 | D:7      | XOM: god gift: 26 gold pieces
  6297 | D:7      | Reached XP level 9. HP: 72/72 MP: 9/9
  6633 | D:8      | Found Mukken's Antique Armour Boutique.
  6639 | D:8      | Noticed a two-headed ogre
  6647 | D:8      | Killed a two-headed ogre
  6647 | D:8      | Reached skill level 10 in Long Blades
  6702 | D:8      | XOM: god gift: 7 meat rations
  6753 | D:8      | XOM: cast spell 'Statue Form'
  6764 | D:8      | XOM: polymorph orc priest -> centaur
  6825 | D:8      | XOM: summons friendly quasit
  6836 | D:8      | XOM: polymorph killer bee -> centaur
  6947 | D:8      | XOM: harmless Air miscast
  7015 | D:8      | XOM: 3-stop teleportation journey
  7065 | D:8      | Noticed a two-headed ogre
  7079 | D:8      | XOM: divination: detect creatures
  7083 | D:8      | XOM: divination: detect creatures
  7101 | D:8      | XOM: polymorph sky beast -> tengu
  7114 | D:8      | Noticed nikopol's ghost (novice DEFE)
  7125 | D:8      | XOM: confuse monster(s)
  7134 | D:8      | XOM: confusion
  7340 | D:8      | XOM: enchant monster (bad)
  7355 | D:8      | XOM: god gift: scroll of teleportation
  7358 | D:8      | Killed nikopol's ghost
  7358 | D:8      | Reached skill level 11 in Long Blades
  7358 | D:8      | Reached XP level 10. HP: 44/83 MP: 11/11
  7383 | D:7      | Gained mutation: You are resistant to hostile enchantments. (MR+) [mutagenic meat]
  7524 | D:8      | HP: 3/83 [two-headed ogre/dire flail of holy wrath (9)]
  7525 | D:8      | Killed a two-headed ogre
  7679 | D:8      | XOM: noise
  7682 | D:8      | XOM: harmless Tmut miscast
  8486 | D:8      | XOM: silly message
  8521 | D:8      | XOM: butterfly on damage
  8651 | D:8      | XOM: god gift: 47 gold pieces
  9216 | D:9      | Noticed a two-headed ogre
  9242 | D:9      | Mangled by a two-headed ogre

Vault maps used:
D:1:      arrival_aquarium_b, evilmike_ruin_ashenzari
D:3:      first_bread
D:4:      elyvilon_altar_4, minmay_overflow_temple_star_quad
D:5:      basic_altar
D:6:      lemuel_crystal_altar, kennysheep_nondescript,
          nicolae_qazlal_eye_of_the_storm, uniq_blork_the_orc, uniq_sigmund
D:7:      minmay_temple_entry_nine_rooms, grunt_ogre_cave,
          fedhas_altar_fruit_tree
D:8:      serial_shops, shop, minivault_27
D:9:      nemelex_xobeh_ov_fountains_minmay,
          kennysheep_orc_monster_closet_entryway
Temple:   eino_temple_rhombus

Skill      XL: |  1  2  3  4  5  6  7  8  9 |
---------------+----------------------------+-----
Long Blades    | 3 4 5 6 7 9 11 | 11.8
Fighting       | 4 5 6 7 9 |  9.5
Armour         | |  1.7
Dodging        | |  0.8

Action                   |  1- 3 |  4- 6 |  7- 9 | 10-12 || total
-------------------------+-------+-------+-------+-------++-------
Melee: Whip              |    38 |       |       |       ||    38
       Falchion          |    41 |   169 |   229 |    68 ||   507
       Kick              |     8 |    36 |    70 |    23 ||   137
       Headbutt          |       |     4 |    47 |    13 ||    64
       Bite              |       |     1 |    27 |     5 ||    33
Throw: Stone             |    11 |     2 |       |       ||    13
       Tomahawk          |       |     2 |     4 |       ||     6
Evoke: Wand              |       |       |     4 |       ||     4
  Use: Scroll            |       |     7 |     2 |       ||     9
 Stab: Paralysed         |       |     1 |     8 |     1 ||    10
       Confused          |       |       |     3 |       ||     3
       Sleeping          |       |       |     1 |       ||     1
  Eat: Chunk             |     2 |    10 |     3 |    10 ||    25
       Bread ration      |       |     1 |     1 |       ||     2
       Fruit             |       |       |       |     2 ||     2
       Meat ration       |       |       |       |     1 ||     1
Armor: Leather armour    |    21 |    56 |    14 |       ||    91
       Ring mail         |       |       |    53 |    14 ||    67
       Skin              |       |       |     6 |       ||     6
Dodge: Dodged            |    41 |    82 |    77 |    22 ||   222
       Rpst.: Falchion   |     6 |    18 |    27 |     2 ||    53

Table legend:
 A = Spawn XP
 B = Non-spawn XP
 C = Spawn XP percentage of total XP
 D = Spawn monster count
 E = Non-spawn monster count
 F = Spawn count percentage of total count
 G = Total turns spent on level
                    A         B        C        D         E        F      G
               +---------+---------+-------+---------+---------+-------+---------
         Total |       0 |    7777 |   0.0 |       0 |     188 |   0.0 |  9242
               +---------+---------+-------+---------+---------+-------+---------
           D:1 |       0 |      28 |   0.0 |       0 |      18 |   0.0 |  1072
           D:2 |       0 |      77 |   0.0 |       0 |      13 |   0.0 |   733
           D:3 |       0 |     259 |   0.0 |       0 |      32 |   0.0 |   873
           D:4 |       0 |     192 |   0.0 |       0 |      14 |   0.0 |  1384
           D:5 |       0 |    1069 |   0.0 |       0 |      33 |   0.0 |   760
           D:6 |       0 |     679 |   0.0 |       0 |      15 |   0.0 |   950
           D:7 |       0 |     805 |   0.0 |       0 |      14 |   0.0 |   896
           D:8 |       0 |    4668 |   0.0 |       0 |      49 |   0.0 |  2403
               +---------+---------+-------+---------+---------+-------+---------
